 Dungeon Crawl Stone Soup version 0.16-a0-3997-g61da7c2 (webtiles) character file.

154 timbw the Ducker (level 5, 0/34 HPs)
             Began as a Halfling Gladiator on Feb 13, 2015.
             Was an Initiate of Dithmenos.
             Slain by a sky beast (6 damage)
             ... on level 4 of the Dungeon.
             The game lasted 00:05:48 (1629 turns).

timbw the Ducker (Halfling Gladiator)               Turns: 1629, Time: 00:05:49

Health: 0/34       AC:  4    Str: 15    XL:     5   Next: 63%
Magic:  5/5        EV: 17    Int:  7    God:    Dithmenos [......]
Gold:   72         SH:  0    Dex: 16    Spells: 0 memorised, 4 levels left

rFire  . . .     SeeInvis .     a - +0 quarterstaff
rCold  . . .     Clarity  .     b - +0 leather armour
rNeg   . . .     SustAb   .     (no shield)
rPois  .         Gourm    .     c - +0 helmet
rElec  .         Spirit   .     (no cloak)
rCorr  .         Warding  .     (no gloves)
rMut   .         Stasis   .     (no boots)
MR     .....                    (no amulet)
Stlth  +.........               (no ring)
                                (no ring)

@: not resistant to hostile enchantments, very unstealthy
A: mutation resistance 1
a: Renounce Religion


You were on level 4 of the Dungeon.
You worshipped Dithmenos.
Dithmenos was noncommittal.
You were not hungry.

You visited 1 branch of the dungeon, and saw 5 of its levels.

You collected 72 gold pieces.

Inventory:

Hand weapons
 a - a +0 quarterstaff (weapon)
Missiles
 d - 3 throwing nets
 e - 5 javelins (quivered)
Armour
 b - a +0 leather armour (worn)
 c - a +0 helmet (worn)
Magical devices
 n - a wand of confusion (0)
Scrolls
 l - a scroll of teleportation {unknown}
 o - a scroll of recharging {unknown}
Potions
 g - a potion of mutation {unknown}
 i - a potion of cancellation
 j - 3 potions of heal wounds
 k - a potion of curing {unknown}
Comestibles
 f - 2 bread rations
 h - 3 meat rations


   Skills:
 - Level 1.7 Fighting
 + Level 3.7 Staves
 - Level 2.6 Throwing
 + Level 5.2 Dodging


You had 4 spell levels left.
You didn't know any spells.

Dungeon Overview and Level Annotations

Branches:
Dungeon (5/15)
 Temple: D:4-7

Altars:
Dithmenos


Innate Abilities, Weirdness & Mutations

You are small and have problems with some larger weapons.
You are somewhat resistant to further mutation.


Message History

Found an escape hatch in the ceiling.
The centaur shoots an arrow.
The arrow hits you.
You see here an arrow.
A crimson imp comes into view.
The crimson imp shouts!
The centaur shoots an arrow.
The centaur shoots an arrow.
The arrow closely misses you.
The centaur shoots an arrow.
The crimson imp shouts, "Despond, thou defiled fool-born noshlet!"
The centaur shoots an arrow.
The arrow hits you.
There is an escape hatch in the ceiling here.
You see here an arrow.
The crimson imp blinks!
Something hits you. Something shocks you.
* * * LOW HITPOINT WARNING * * *
The centaur shoots an arrow.
The arrow barely misses you. A mysterious force pulls you upwards.
The hatch slams shut behind you. Something hits you.
* * * LOW HITPOINT WARNING * * *
Something shocks you.
You die...

..... .....
.... . #..#
+#..#
##..##.#..#
#.........#
#......#
+......#
###.@..#
#..#.# #...
.. #.+..
+.. +.#...
.. #..####
#.. ##+


There were no monsters in sight!

Vanquished Creatures
  The ghost of 4thArraOfDagon the Skirmisher, a weakling MiIE (D:3)
  Ijyb (D:2)
  5 adders (D:2)
  A gnoll (D:1)
  A giant mite (D:3)
  An adder skeleton (D:4)
  2 giant geckos
  5 orcs (D:3)
  6 bats
  A giant cockroach (D:2)
  8 goblins
  5 hobgoblins
  2 giant newts
  5 jackals (D:1)
  3 kobolds
  4 rats
51 creatures vanquished.

Notes
Turn   | Place    | Note
--------------------------------------------------------------
     0 | D:1      | timbw, the Halfling Gladiator, began the quest for the Orb.
     0 | D:1      | Reached XP level 1. HP: 14/14 MP: 1/1
    42 | D:1      | Reached XP level 2. HP: 10/19 MP: 2/2
   127 | D:1      | Reached skill level 4 in Dodging
   127 | D:1      | Reached XP level 3. HP: 13/24 MP: 3/3
   424 | D:2      | Reached XP level 4. HP: 29/29 MP: 4/4
   464 | D:2      | Noticed Ijyb
   561 | D:2      | Killed Ijyb
   616 | D:2      | Found a shadowy altar of Dithmenos.
   621 | D:2      | Became a worshipper of Dithmenos the Shadowed
   896 | D:2      | Reached XP level 5. HP: 23/34 MP: 5/5
   901 | D:3      | Noticed a centaur
  1152 | D:3      | Reached skill level 5 in Dodging
  1165 | D:3      | Noticed 4thArraOfDagon's ghost (weakling MiIE)
  1277 | D:3      | Killed 4thArraOfDagon's ghost
  1591 | D:5      | Entered Level 5 of the Dungeon
  1596 | D:5      | Noticed a sky beast
  1607 | D:5      | Noticed a centaur
  1629 | D:4      | Slain by a sky beast

Action                   |  1- 3 |  4- 6 || total
-------------------------+-------+-------++-------
Melee: Quarterstaff      |    50 |   126 ||   176
  Use: Scroll            |       |     2 ||     2
  Eat: Bread ration      |       |     1 ||     1
       Chunk             |       |     1 ||     1
